 Dungeon Crawl Stone Soup version 0.18-a0-1225-g5d63bca (webtiles) character file.

73 namelastname112 the Skirmisher (level 4, -1/40 HPs)
             Began as a Draconian Chaos Knight on Feb 3, 2016.
             Slain by a hell rat (15 damage)
             ... on level 2 of the Dungeon.
             The game lasted 00:02:04 (1573 turns).

namelastname112 the Skirmisher (DrCK)               Turns: 1573, Time: 00:02:05

Health: -1/40      AC:  7    Str: 14    XL:     4   Next: 8%
Magic:  4/4        EV: 12    Int: 13    God:    Xom [.....*]
Gold:   113        SH:  0    Dex: 11    Spells: 0 memorised, 3 levels left

rFire  . . .     SeeInvis .     a - +0 hand axe (chaos)
rCold  . . .     Gourm    .     (armour unavailable)
rNeg   . . .     Faith    .     (no shield)
rPois  .         Spirit   .     (helmet restricted)
rElec  .         Dismiss  .     i - +0 cloak
rCorr  .         Reflect  .     k - +0 pair of gloves
SustAt .         Harm     .     (no boots)
MR     +....                    (no amulet)
Stlth  +.........               (no ring)
                                (no ring)

@: drained, somewhat resistant to hostile enchantments, very unstealthy
A: unfitting armour, magic resistance 1, evolution 1, cold-blooded, AC +5
a: Renounce Religion


You were on level 2 of the Dungeon.
You worshipped Xom.
You were Xom's teddy bear.
You were not hungry.

You visited 1 branch of the dungeon, and saw 2 of its levels.

You collected 113 gold pieces.

Inventory:

Hand Weapons
 a - a +0 hand axe of chaos (weapon)
Armour
 i - a +0 cloak (worn)
 k - a +0 pair of gloves (worn)
Wands
 n - a wand of slowing (19/48)
Scrolls
 c - a scroll of identify {unknown}
 h - a scroll of teleportation {unknown}
 j - a scroll of noise {unknown}
 l - a scroll of fear {unknown}
 m - a scroll of remove curse {unknown}
Potions
 e - a potion of heal wounds {unknown}
 f - a potion of flight {unknown}
 g - a potion of curing {unknown}
Comestibles
 b - 3 bread rations
 d - 3 meat rations


   Skills:
 + Level 3.9(3.5) Fighting
 * Level 3.9(3.5) Axes
 + Level 2.9(2.5) Dodging


You had 3 spell levels left.
You didn't know any spells.

Dungeon Overview and Level Annotations

Branches:
Dungeon (2/15)

Altars:


Innate Abilities, Weirdness & Mutations

Your plain brown scales are hard (AC +5).
Your body does not fit into most forms of armour.
You are cold-blooded and may be slowed by cold attacks.
You are resistant to hostile enchantments.
You evolve.


Message History

"Hum-dee-hum-dee-hum..."
The adder evaporates and reforms as a hell rat!
Found a stone staircase leading down.
A hell rat is nearby!
A hell rat is nearby!
A hell rat is nearby!
A ball python comes into view.
A kobold comes into view.
The hell rat roars!
An adder comes into view.
You hit the hell rat but do no damage. The hell rat bites you!
A shower of butterflies erupts from you!
You feel drained.
You hit the hell rat but do no damage. You hit the ball python.
The ball python is poisoned.
The ball python is moderately wounded.
You kill the ball python!
The hell rat bites you!
You die...
Xom guffaws!

...# #...#.## ####
###### ##....# #.....#
####....## .....>.##
#.....#.# ........#
#.###...####
.......b####..####.....#
....S.b.........##.###.#
.......†b.......##. #.#
.......r@........##. #.#
.....K..#........##. #..
##
#.....####.#######.####.
.# #...## ##..# #.#....
.# ##...# #..## #...##.
.# #.#.###.## ..# #. .#
##.#..#..# . #. .#
##.......## #.# #. <##
#....#.### #.# #.


You could see a hell rat, an adder and a kobold.

Vanquished Creatures
  An adder (D:2)
  3 oozes
  2 worms (D:2)
  A ball python (D:2)
  A giant cockroach (D:1)
  3 hobgoblins
  5 jackals (D:1)
  6 kobolds
  A quokka (D:2)
  5 bats
  3 giant newts
  8 goblins
  5 rats
44 creatures vanquished.

Notes
Turn   | Place    | Note
--------------------------------------------------------------
     0 | D:1      | namelastname112 the Draconian Chaos Knight began the quest for the Orb.
     0 | D:1      | Reached XP level 1. HP: 19/19 MP: 1/1
   131 | D:1      | Reached XP level 2. HP: 24/26 MP: 2/2
   216 | D:1      | XOM: divination: detect creatures
   253 | D:1      | XOM: harmless Ice miscast
   332 | D:1      | Reached XP level 3. HP: 33/33 MP: 3/3
   415 | D:1      | XOM: divination: detect items
   606 | D:1      | XOM: harmless Air miscast
   659 | D:1      | XOM: vitrification
   684 | D:1      | XOM: vitrification
  1454 | D:2      | Reached XP level 4. HP: 40/40 MP: 4/4
  1507 | D:2      | XOM: give mutations
  1507 | D:2      | Gained mutation: You are resistant to hostile enchantments. [Xom's mischief]
  1507 | D:2      | Gained mutation: You evolve. [Xom's mischief]
  1568 | D:2      | XOM: polymorph adder -> hell rat
  1572 | D:2      | XOM: butterfly on damage
  1573 | D:2      | Slain by a hell rat

Vault maps used:
D:1:      dpeg_arrival_subterranean_lakeside_camping, columned_hall_lemuel,
          minmay_misc_feat_ornament, hangedman_abyss_or_decor_stabs

Action                   |  1- 3 |  4- 6 || total
-------------------------+-------+-------++-------
Melee: Hand axe          |   122 |     4 ||   126
 Stab: Sleeping          |     1 |       ||     1
  Eat: Chunk             |     1 |     1 ||     2
